 Dungeon Crawl Stone Soup version 0.30-a0-118-ga018f8e90f (webtiles) character file.

Game seed: 7175290264015704885

53 Newt the Trooper (level 3, -3/29 HPs)
             Began as a Demonspawn Gladiator on Sept 13, 2022.
             Slain by a gnoll
             ... wielding a +0 spear
              (7 damage)
             ... on level 3 of the Dungeon.
             The game lasted 00:02:23 (2354 turns).

Newt the Trooper (Demonspawn Gladiator)             Turns: 2354, Time: 00:02:24

Health: -3/29      AC:  4    Str: 14    XL:     3   Next: 64%
Magic:  3/3        EV: 17    Int:  9    God:
Gold:   55         SH:  0    Dex: 16    Spells: 2/2 levels left

rFire   . . .      SeeInvis .    k - +2 dagger (vorpal)
rCold   . . .      Faith    .    (no shield)
rNeg    . . .      Spirit   .    b - +0 leather armour
rPois   .          Reflect  .    c - +0 helmet
rElec   .          Harm     .    (no cloak)
rCorr   .          Rampage  .    (no gloves)
Will    .....                    (no boots)
Stlth   ++........               (no amulet)
HPRegen 0.09/turn                (no ring)
MPRegen 0.08/turn                (no ring)

@: agile
A: powered by death 1, powered by pain 1
a: no special abilities


You were on level 3 of the Dungeon.
You visited 1 branch of the dungeon, and saw 3 of its levels.

You collected 109 gold pieces.
You spent 54 gold pieces at shops.

Inventory:

Hand Weapons
 a - a +0 rapier
 k - a +2 vorpal dagger (weapon)
Missiles
 d - 3 throwing nets (quivered)
 e - a javelin
Armour
 b - a +0 leather armour (worn)
 c - a +0 helmet (worn)
 q - a +0 kite shield
Scrolls
 p - a scroll of summoning
 r - a scroll of immolation
Potions
 f - a potion of berserk rage
 g - 2 potions of heal wounds
 h - a potion of lignification
 i - 2 potions of degeneration {unknown}
 j - a potion of attraction {unknown}
 l - 2 potions of flight
 m - a potion of cancellation {unknown}
 n - a potion of haste


   Skills:
 + Level 3.3 Fighting
 - Level 2.6 Short Blades
 - Level 1.7 Throwing
 - Level 2.6 Dodging
 - Level 2.0 Stealth


You had 2 spell levels left.
You didn't know any spells.
Your spell library was empty.

Dungeon Overview and Level Annotations

Branches:
Dungeon (3/15)

Altars:
Ru

Shops:
D:1 *


Innate Abilities, Weirdness & Mutations

You regenerate a little health from kills.
You sometimes gain a little power by taking damage.


Message History

The gnoll hits you with a +0 spear.
You barely miss the gnoll.
The gnoll is almost dead.
The gnoll shouts!
The gnoll hits you with a +0 spear.
You hit the gnoll.
You kill the gnoll!
There is a stone staircase leading up here.
You climb upwards.
There is a stone staircase leading down here.
You start resting.
HP restored.
You start waiting.
Done waiting.
You climb downwards.
There is a stone staircase leading up here.
The gnoll closely misses you.
You hit the gnoll.
The gnoll is moderately wounded.
The gnoll closely misses you.
You hit the gnoll.
The gnoll is severely wounded.
The gnoll closely misses you.
The gnoll hits you from afar with a +0 spear!
You hit the gnoll but do no damage.
The gnoll is severely wounded.
The gnoll barely misses you.
The gnoll hits you from afar with a +0 spear.
You hit the gnoll but do no damage.
The gnoll is severely wounded.
The gnoll hits you but does no damage. The gnoll hits you with a +0 club.
The gnoll hits you from afar with a +0 spear.
You hit the gnoll but do no damage.
The gnoll is severely wounded.
The gnoll hits you with a +0 halberd!
* * * LOW HITPOINT WARNING * * *
You focus on the pain.
You feel agile all of a sudden.
The gnoll hits you from afar with a +0 spear!
You die...

..... .... ...
... ##(# # ..#
## #. #.##.#
..
#.#.#.g#.#.##.
#...g.@.......
#...)g.#.#...#
#....#......##
#....#.#....#
#....#.##.>...
#....#.. .....
#....### ...!
..... ..
#g....


You could see 3 gnolls.

Vanquished Creatures
  A gnoll (D:3)
  2 dart slugs
  3 ball pythons
  7 endoplasms
  7 goblins
  3 hobgoblins
  3 kobolds
  5 bats
  2 frilled lizards
  3 rats
36 creatures vanquished.

Notes
Turn   | Place    | Note
-------+----------+-------------------------------------------
     0 | D:1      | Newt the Demonspawn Gladiator began the quest for the Orb.
     0 | D:1      | Reached XP level 1. HP: 16/16 MP: 1/1
    68 | D:1      | Reached skill level 1 in Stealth
   331 | D:1      | Gained mutation: You regenerate a little health from kills.
                  | [demonic ancestry]
   331 | D:1      | Reached XP level 2. HP: 22/22 MP: 2/2
   486 | D:1      | Found Ajodasuh's Assorted Antiques.
   527 | D:1      | Found a faded altar of an unknown god.
   983 | D:1      | Gained mutation: You sometimes gain a little power by
                  | taking damage. [demonic ancestry]
   983 | D:1      | Reached XP level 3. HP: 28/28 MP: 3/3
  1088 | D:1      | Bought a scroll labelled HAONWE GILO for 27 gold pieces
  1088 | D:1      | Bought a scroll labelled HAONWE GILO for 27 gold pieces
  1510 | D:2      | Reached skill level 3 in Fighting
  1867 | D:2      | Found a sacrificial altar of Ru.
  2354 | D:3      | Slain by a gnoll

Illustrated notes

Levels and vault maps discovered:
D:1:      dpeg_arrival_lava_temple_mockup, layout_loops_corners, serial_shops,
          nicolae_shop_window_shopping, chequers_ecumenical_altar_twisty,
          chequers_decorated_corner, nicolae_figureground_sparkle
D:2:      layout_basic, basic_altar
D:3:      layout_basic, nicolae_overflow_hallway_of_the_gods,
          minmay_misc_feat_doors

Skill      XL: |  1  2  3 |
---------------+----------+-----
Stealth        | 1 2 |  2.0
Fighting       | 3 |  3.3
Short Blades   | |  2.6
Throwing       | |  1.7
Dodging        | |  2.6

Action                   || total
-------------------------++-------
Melee: Rapier            ||    17
       Dagger            ||    97
  Use: Scroll            ||    11
 Stab: Sleeping          ||     6
Armor: Leather armour    ||    22
Dodge: Dodged            ||    60

Table legend: (Time is in decaauts)
 A = Elapsed time spent in this place.
 B = Non-inter-level travel time spent in this place.
 C = Inter-level travel time spent in this place.
 D = Time resting spent in this place.
 E = Time spent auto-exploring this place.
 F = Levels seen in this place.
 G = Mean time per level.
                   A        B        C        D        E       F      G
               +--------+--------+--------+--------+--------+-----+--------+
         Total |   2325 |   2268 |     57 |    278 |   1683 |   3 |  775.0 |
       Dungeon |   2325 |   2268 |     57 |    278 |   1683 |   3 |  775.0 |
               +--------+--------+--------+--------+--------+-----+--------+

Top non-repeatable levels by time:
     D:2: 1212 daAuts
     D:1: 1086 daAuts
     D:3: 25 daAuts
